 Dungeon Crawl Stone Soup version 0.19.4-9-g45fd643 (webtiles) character file.

1604 nikopol the Chopper (level 8, -2/73 HPs)
             Began as a Minotaur Berserker on Feb 18, 2017.
             Was an Elder of Trog.
             Slain by a gnoll shaman
             ... wielding a +0 whip
              (9 damage)
             ... on level 6 of the Dungeon.
             The game lasted 00:09:43 (6138 turns).

nikopol the Chopper (Minotaur Berserker)            Turns: 6138, Time: 00:09:44

Health: -2/73      AC:  6    Str: 23    XL:     8   Next: 63%
Magic:  7/7        EV: 13    Int:  4    God:    Trog [****..]
Gold:   290        SH:  0    Dex: 11    Spells: 0 memorised, 7 levels left

rFire  . . .     SeeInvis .     a - +0 hand axe
rCold  . . .     Gourm    .     n - +0 ring mail
rNeg   . . .     Faith    .     (no shield)
rPois  .         Spirit   .     (helmet restricted)
rElec  .         Reflect  .     (no cloak)
rCorr  .         Harm     .     (no gloves)
MR     ++...                    (no boots)
Stlth  +.........               (no amulet)
                                (no ring)
                                (no ring)

@: exhausted, regenerating, slowed, very slow
A: retaliatory headbutt, horns 2
a: Berserk, Trog's Hand, Brothers in Arms, Burn Spellbooks, Renounce Religion


You were on level 6 of the Dungeon.
You worshipped Trog.
Trog was greatly pleased with you.
You were hungry.

You visited 1 branch of the dungeon, and saw 6 of its levels.

You collected 290 gold pieces.

Inventory:

Hand Weapons
 a - a +0 hand axe (weapon)
 z - a +1 shortbow
Missiles
 v - 56 arrows (quivered)
Armour
 b - a +0 animal skin
 n - a +0 ring mail (worn)
Jewellery
 B - a cursed amulet of inaccuracy
 C - an uncursed ring of stealth {unknown}
Wands
 r - a wand of lightning (14/15)
 y - a wand of flame (15/48)
Scrolls
 d - 2 scrolls of remove curse
 g - 3 scrolls of identify
 j - 3 scrolls of immolation
 l - a scroll of teleportation
 q - a scroll of amnesia
 u - a scroll of noise
Potions
 i - a potion of cure mutation {unknown}
 k - a potion of curing
 m - a potion of brilliance {unknown}
 o - a potion of degeneration {unknown}
 p - 2 potions of ambrosia {unknown}
 t - a potion of invisibility {unknown}
 x - a potion of agility
 A - a potion of lignification {unknown}
 E - a potion of resistance {unknown}
 F - 2 potions of might {unknown}
Books
 G - a book of Maledictions

   Spells                             Type                      Level
   a - Corona                         Hexes                        1
   b - Ensorcelled Hibernation        Hexes/Ice                    2
   c - Confuse                        Hexes                        3
   d - Tukima's Dance                 Hexes                        3
   e - Dazzling Spray                 Conjuration/Hexes            3
   Trog disapproves of the use of such an item.
Comestibles
 c - 10 bread rations
 f - 6 meat rations
 s - a beef jerky
 D - a royal jelly
 H - 2 chunks of flesh


   Skills:
 + Level 7.1 Fighting
 * Level 7.5 Axes
 * Level 4.2 Bows
 + Level 5.7 Armour
 + Level 6.0 Dodging


You had 7 spell levels left.
You didn't know any spells.

Dungeon Overview and Level Annotations

Branches:
Dungeon (6/15)
 Temple: D:4-7

Altars:
Qazlal
Vehumet


Innate Abilities, Weirdness & Mutations

You reflexively headbutt those who attack you in melee.
You have a pair of horns on your head.


Message History

The gnoll shaman calls down the wrath of its god upon you.
You resist with some effort. The gnoll hits you with a whip.
* * * LOW HITPOINT WARNING * * *
You see here an arrow.
The gnoll shaman hits you with a whip.
* * * LOW HITPOINT WARNING * * *
There is an open door here.
Wield which item (- for none, * to show all)? (? for menu, Esc to quit)
a - a +0 hand axe (weapon)
The gnoll shaman hits you with a whip.
* * * LOW HITPOINT WARNING * * *
Your skin crawls.
You feel resistant to hostile enchantments.
You are feeling hungry.
The gnoll shaman hits you with a whip.
* * * LOW HITPOINT WARNING * * *
The gnoll shaman hits you with a whip.
* * * LOW HITPOINT WARNING * * *
The gnoll shaman hits you with a whip!
You die...

######
#....#########...
#....g.og@.......
#(..(####.....##.
#....# #.....#
#.(..# #.....#
##'### #.....#
#)######..(..#
#.()g)o.(.####
####....#.#
#...(#.#


You could see a gnoll shaman, an orc wizard and a gnoll.

Vanquished Creatures
  2 orc warriors (D:6)
  2 sky beasts (D:5)
  An ogre (D:5)
  2 centaurs
  A howler monkey (D:5)
  A centaur zombie (D:3)
  2 crimson imps (D:5)
  A quasit (D:5)
  A centaur skeleton (D:4)
  3 hounds
  A jelly (D:6)
  5 orc wizards
  An orc priest (D:5)
  Jessica (D:3)
  5 worker ants
  An iguana (D:5)
  2 hound skeletons
  Robin (D:3)
  12 adders
  5 gnolls
  An adder zombie (D:5)
  A leopard gecko (D:2)
  20 orcs
  3 ball pythons
  4 giant cockroaches
  18 goblins
  8 hobgoblins
  8 jackals
  6 quokkas
  6 bats
  4 frilled lizards
  A giant cockroach zombie (D:3)
  12 kobolds
  8 rats
150 creatures vanquished.

Notes
Turn   | Place    | Note
-------+----------+-------------------------------------------
     0 | D:1      | nikopol the Minotaur Berserker began the quest for the Orb.
     0 | D:1      | Reached XP level 1. HP: 19/19 MP: 0/0
    93 | D:1      | Reached XP level 2. HP: 9/27 MP: 1/1
   901 | D:2      | Reached XP level 3. HP: 30/33 MP: 2/2
  1074 | D:2      | Reached ** piety under Trog
  1074 | D:2      | Reached XP level 4. HP: 18/40 MP: 3/3
  1811 | D:2      | Reached XP level 5. HP: 45/47 MP: 4/4
  1896 | D:3      | Noticed Robin
  1911 | D:3      | Killed Robin
  2061 | D:3      | Found a stormy altar of Qazlal.
  2081 | D:3      | Reached skill level 5 in Fighting
  2081 | D:3      | Reached skill level 5 in Axes
  2131 | D:3      | Noticed Jessica
  2149 | D:3      | Reached *** piety under Trog
  2151 | D:3      | Killed Jessica
  2151 | D:3      | Reached XP level 6. HP: 28/56 MP: 5/5
  3705 | D:4      | Reached skill level 5 in Dodging
  3707 | D:4      | Found a radiant altar of Vehumet.
  3989 | D:5      | Entered Level 5 of the Dungeon
  4003 | D:5      | Reached XP level 7. HP: 62/62 MP: 6/6
  4516 | D:5      | Reached **** piety under Trog
  4730 | D:5      | Reached skill level 5 in Armour
  4789 | D:5      | Reached skill level 1 in Bows
  5137 | D:5      | Reached XP level 8. HP: 69/71 MP: 7/7
  6135 | D:6      | HP: 3/73 [gnoll shaman/whip (5)]
  6138 | D:6      | Slain by a gnoll shaman

Skill      XL: |  1  2  3  4  5  6  7  8 |
---------------+-------------------------+-----
Axes           | 4 5 6 7 |  7.5
Fighting       | 4 5 6 7 |  7.1
Armour         | 3 4 5 |  5.7
Dodging        | 3 4 5 6 |  6.0
Bows           | 2 4 |  4.2

Action                   |  1- 3 |  4- 6 |  7- 9 || total
-------------------------+-------+-------+-------++-------
Melee: Hand axe          |    65 |   166 |   120 ||   351
       Headbutt          |     5 |    27 |    25 ||    57
 Fire: Shortbow          |       |       |    72 ||    72
Invok: Berserk           |     1 |     1 |     1 ||     3
       Burn Spellbooks   |       |       |     1 ||     1
       Trog's Hand       |       |       |     1 ||     1
  Use: Scroll            |       |       |     9 ||     9
 Stab: Sleeping          |     1 |       |       ||     1
  Eat: Chunk             |       |    12 |     7 ||    19
Armor: Animal skin       |    12 |     6 |       ||    18
       Ring mail         |       |    62 |    42 ||   104
Dodge: Dodged            |    61 |   104 |    73 ||   238
